 Dungeon Crawl Stone Soup version 0.25-a0-435-g4b9beb1024 (webtiles) character file.

Game seed: 4083612947537511627, levelgen mode: deterministic

120 Aurore the Conjurer (level 4, -5/33 HPs)
             Began as a Demigod Conjurer on Jan 26, 2020.
             Slain by Grinder (6 damage)
             ... on level 3 of the Dungeon.
             The game lasted 00:33:59 (2607 turns).

Aurore the Conjurer (Demigod Conjurer)              Turns: 2607, Time: 00:34:00

Health: -5/33      AC:  3    Str: 11    XL:     4   Next: 47%
Magic:  0/11       EV: 13    Int: 26    God:
Gold:   73         SH:  0    Dex: 16    Spells: 1/8 levels left

rFire    . . .     SeeInvis .   l - +1 spear (vorpal)
rCold    . . .     Gourm    .   (no shield)
rNeg     . . .     Faith    +   a - +0 robe
rPois    .         Spirit   .   (no helmet)
rElec    .         Reflect  .   g - +0 cloak
rCorr    .         Harm     .   (no gloves)
MR       .....                  (no boots)
Stlth    +++.......             j - amulet of faith
HPRegen  0.11/turn              e - ring of stealth
MPRegen  0.12/turn              (no ring)

@: brilliant
A: high mp 1
a: no special abilities


You were on level 3 of the Dungeon.
You were full.

You visited 1 branch of the dungeon, and saw 3 of its levels.

You collected 73 gold pieces.

Inventory:

Hand Weapons
 b - a +0 short sword
 f - a +0 mace
 h - a +0 whip
 l - a +1 vorpal spear (weapon)
 o - a +0 hunting sling
 r - a +0 mace of protection
Missiles
 i - 13 poisoned darts (quivered)
 n - 4 boomerangs
 p - 8 atropa-tipped darts
Armour
 a - a +0 robe (worn)
 g - a +0 cloak (worn)
 k - a +1 helmet
 s - a +1 scale mail of cold resistance
Jewellery
 e - a ring of stealth (left hand)
 j - an amulet of faith (around neck)
Scrolls
 d - 3 scrolls of identify {unknown}
 m - a scroll of teleportation {unknown}
 t - a scroll of enchant armour {unknown}
 u - a scroll of remove curse {unknown}
 v - a scroll of fear {unknown}
Potions
 w - a potion of agility {unknown}
Comestibles
 c - a ration


   Skills:
 + Level 2.0 Dodging
 + Level 2.2 Stealth
 + Level 2.9 Spellcasting
 + Level 4.7 Conjurations


You had one spell level left.
You knew the following spells:

 Your Spells              Type           Power        Failure   Level  Hunger
a - Magic Dart            Conj           ####         1%          1    None
b - Searing Ray           Conj           #####.       1%          2    ##.....
c - Iskenderun's Mystic   Conj/Tloc      ####....     4%          4    ####...

Your spell library contained the following spells:

 Spells                   Type           Power        Failure   Level  Hunger
 Dazzling Flash           Conj/Hex       ####..       1%          3    ###....
 Fulminant Prism          Conj/Hex       ####......   4%          4    ####...


Dungeon Overview and Level Annotations

Branches:
Dungeon (3/15)

Annotations:
D:3 Grinder


Innate Abilities, Weirdness & Mutations

You have an increased reservoir of magic. (+10% MP)


Message History

The magic dart hits Grinder.
Grinder is almost dead.
The leopard gecko hisses angrily.
Grinder gestures at you.
You suddenly lose the ability to move!
Grinder says, "My boss said I was rubbish.
His entrails said otherwise."
The leopard gecko bites you.
The leopard gecko bites you but does no damage.
Grinder hits you!
You writhe in agony.
The leopard gecko bites you but does no damage.
Grinder hits you!
You writhe in agony.
* * * LOW HITPOINT WARNING * * *
The leopard gecko bites you but does no damage.
You can move again.
It was a potion of brilliance.
You feel clever all of a sudden. The leopard gecko closely misses you.
Grinder hits you!
* * * LOW HITPOINT WARNING * * *
You writhe in agony.
You die...

#....<...#..##....##.
..####...###.####..#...
.#..#.........###.....##
..#.#........##....#.##
................##.#.#
...........$..##...#.#
.#.........)....###.#
#......)...##.## #.#
#...@5....##... #.#
##.l.......# #.##.#
#>......#....#...
#......##.#..# ..
..$.....##.#....
.##......##.##..# .
####...# .# ....#


You could see Grinder and a leopard gecko.

Vanquished Creatures
  Terence (D:2)
  Robin (D:2)
  2 adders
  A worm (D:2)
  A dart slug (D:1)
  3 leopard geckos
  An orc (D:3)
  9 bats
  5 giant cockroaches
  12 goblins
  6 hobgoblins
  6 kobolds
  5 frilled lizards
  7 rats
60 creatures vanquished.

Notes
Turn   | Place    | Note
-------+----------+-------------------------------------------
     0 | D:1      | Aurore the Demigod Conjurer began the quest for the Orb.
     0 | D:1      | Reached XP level 1. HP: 14/14 MP: 5/5
   464 | D:1      | Reached XP level 2. HP: 20/20 MP: 4/7
   498 | D:1      | Learned a level 2 spell: Searing Ray
   578 | D:1      | Reached skill level 4 in Conjurations
  1246 | D:2      | Found a sacrificial altar of Ru.
  1291 | D:2      | Reached XP level 3. HP: 26/26 MP: 3/8
  1404 | D:2      | Noticed Robin
  1437 | D:2      | Killed Robin
  1849 | D:2      | Found a burning altar of Makhleb.
  1872 | D:2      | Found a hazy altar of Hepliaklqana.
  2275 | D:2      | Noticed Terence
  2286 | D:2      | Killed Terence
  2286 | D:2      | Reached XP level 4. HP: 33/33 MP: 6/10
  2294 | D:2      | Learned a level 4 spell: Iskenderun's Mystic Blast
  2589 | D:3      | Noticed Grinder
  2602 | D:3      | Paralysed by Grinder for 5 turns
  2607 | D:3      | HP: 1/33 [Grinder (7)]
  2607 | D:3      | Slain by Grinder

Levels and vault maps discovered:
D:1:      nicolae_arrival_washed_ashore, layout_basic, corner_web_ring
D:2:      layout_basic, nicolae_ru_path_of_blood, marbit_many_paths,
          overflow_temple_1_default, uniq_terence, uniq_robin
D:3:      layout_rooms, first_ration, uniq_ijyb, uniq_natasha, uniq_grinder

Skill      XL: |  1  2  3 |
---------------+----------+-----
Spellcasting   | 2 |  2.9
Conjurations   | 4 |  4.7
Stealth        | 2 |  2.2
Dodging        | 2 |  2.0

Action                   |  1- 3 |  4- 6 || total
-------------------------+-------+-------++-------
Melee: Spear             |       |     6 ||     6
 Cast: Magic Dart        |    82 |    24 ||   106
       Searing Ray       |     8 |     1 ||     9
  Use: Potion            |       |     1 ||     1
  Eat: Ration            |     1 |     2 ||     3
Armor: Robe              |     6 |    10 ||    16
Dodge: Dodged            |    11 |    21 ||    32

Table legend:
 A = Non-vault XP
 B = Vault XP
 C = Vault XP percentage of total XP
 D = Non-vault monster count
 E = Vault monster count
 F = Vault count percentage of total count
                 A         B        C        D         E       F
            +---------+---------+-------+---------+---------+-------
      Total |     106 |      66 |  38.4 |      48 |      12 |  20.0
            +---------+---------+-------+---------+---------+-------
        D:1 |      39 |       2 |   4.9 |      22 |       1 |   4.3
        D:2 |      39 |      64 |  62.1 |      17 |      11 |  39.3
        D:3 |      28 |       0 |   0.0 |       9 |       0 |   0.0
            +---------+---------+-------+---------+---------+-------
